 Dungeon Crawl Stone Soup version 0.27-a0-1325-g58a489ad9e (webtiles) character file.

Game seed: 16109007753404186900

18 dickylongcocking the Vexing (level 2, -4/25 HPs)
             Began as a Naga Arcane Marksman on June 25, 2021.
             Slain by a kobold (5 damage)
             ... on level 1 of the Dungeon.
             The game lasted 00:00:46 (604 turns).

dickylongcocking the Vexing (Naga Arcane Marksman)   Turns: 604, Time: 00:00:47

Health: -4/25      AC:  1    Str: 12    XL:     2   Next: 70%
Magic:  3/3        EV:  9    Int: 13    God:
Gold:   39         SH:  0    Dex: 11    Spells: 2/3 levels left

rFire    . . .     SeeInvis +   a - +0 shortbow
rCold    . . .     Faith    .   (shield currently unavailable)
rNeg     . . .     Spirit   .   d - +0 robe
rPois    +         Reflect  .   (no helmet)
rElec    .         Harm     .   (no cloak)
rCorr    .         Rampage  .   (no gloves)
Will     .....                  (no barding)
Stlth    +.........             (no amulet)
HPRegen  0.08/turn              b - ring of flight
MPRegen  0.08/turn              (no ring)

@: flying, very slow
A: AC +0, large, see invisible, deformed body, poison resistance, slowness 2,
spit poison 1, naga tail 1
a: Spit Poison


You were on level 1 of the Dungeon.
You visited 1 branch of the dungeon, and saw 1 of its levels.

You collected 39 gold pieces.

Inventory:

Hand Weapons
 a - a +0 shortbow (weapon)
 g - a +2 dagger of flaming
Missiles
 c - 5 arrows (quivered ammo)
Armour
 d - a +0 robe (worn)
Jewellery
 b - a ring of flight (left hand)
 f - a ring of positive energy
Scrolls
 e - a scroll of blinking {unknown}


   Skills:
 - Level 1.0 Fighting
 * Level 2.9 Bows
 - Level 1.5 Dodging
 - Level 1.0 Spellcasting
 - Level 3.0 Hexes


You had 2 spell levels left.
You knew the following spells:

 Your Spells              Type           Power      Damage    Failure   Level
a - Corona                Hex            8%         N/A       9%          1

Your spell library contained the following spells:

 Spells                   Type           Power      Damage    Failure   Level
 Slow                     Hex            8%         N/A       12%         2
 Inner Flame              Hex/Fire       4%         N/A       41%         3
 Portal Projectile        Hex/Tloc       8%         N/A       41%         3
 Cause Fear               Hex            4%         N/A       63%         4
 Leda's Liquefaction      Hex/Erth       2%         N/A       83%         4


Dungeon Overview and Level Annotations

Branches:
Dungeon (1/15)

Altars:


Innate Abilities, Weirdness & Mutations

Your serpentine skin is tough. (AC +0)
You have supernaturally acute eyesight. (SInv)
Armour fits poorly on your strangely shaped body.
Your system is resistant to poisons. (rPois)
You cover ground very slowly.
You can spit poison.
You have a snake-like lower body.


Message History

Press: ? - help, Q - select action, (/) - cycle Shift-Dir - straight line, f/p - jackal
Aim: a jackal (47% to hit)
You shoot an arrow. The arrow closely misses the jackal.
The jackal bites you but does no damage.
Unknown command.
Fire: 10 arrows
Press: ? - help, Q - select action, (/) - cycle Shift-Dir - straight line, f/p - jackal
Aim: a jackal (47% to hit)
You shoot an arrow. The arrow barely misses the jackal.
The jackal bites you.
* * * LOW HITPOINT WARNING * * *
The jackal misses you.
Fire: 9 arrows
Press: ? - help, Q - select action, (/) - cycle Shift-Dir - straight line, f/p - jackal
Aim: a jackal (47% to hit)
You shoot an arrow. The arrow hits the jackal.
You kill the jackal!
You have got your breath back.
The jackal bites you.
* * * LOW HITPOINT WARNING * * *
Fire: 8 arrows
Press: ? - help, Q - select action, (/) - cycle Shift-Dir - straight line, f - jackal
Aim: a jackal (47% to hit)
You shoot an arrow. The arrow hits the jackal.
The jackal is moderately wounded.
The jackal bites you.
* * * LOW HITPOINT WARNING * * *
Fire: 7 arrows
Press: ? - help, Q - select action, (/) - cycle Shift-Dir - straight line, f/p - jackal
Aim: a jackal (moderately wounded, 47% to hit)
You shoot an arrow. The arrow hits the jackal!
You kill the jackal!
The kobold hits you with a +0 short sword of venom.
* * * LOW HITPOINT WARNING * * *
Fire: 6 arrows
Press: ? - help, Q - select action, (/) - cycle Shift-Dir - straight line, f - kobold
Aim: a kobold, wielding a +0 short sword of venom (47% to hit)
You shoot an arrow. The arrow closely misses the kobold.
The kobold hits you with a +0 short sword of venom.
You die...

#........ ##. ..#
##.###...# .(.
..#.#.#...#..... #..
.(#............# ..?
..###.#......... .(##
..###.#####..### #.!
.(....#####..##
#(#K.............#
###@#.########..#.#
##.#.†.# #....##
#.⌠.#..# #......
#.#.#...# #..####
###.#.### #..##
#......######...##
##.###†............#
#.......(#######...##
....####.(.....)..##


You could see a kobold.

Vanquished Creatures
  A bat (D:1)
  A giant cockroach (D:1)
  A hobgoblin (D:1)
  6 jackals (D:1)
  A kobold (D:1)
  A frilled lizard (D:1)
  2 goblins (D:1)
  3 rats (D:1)
16 creatures vanquished.

Notes
Turn   | Place    | Note
-------+----------+-------------------------------------------
     0 | D:1      | dickylongcocking the Naga Arcane Marksman began the quest
                  | for the Orb.
     0 | D:1      | Reached XP level 1. HP: 18/18 MP: 2/2
   192 | D:1      | Found a faded altar of an unknown god.
   226 | D:1      | Reached XP level 2. HP: 25/25 MP: 3/3
   603 | D:1      | HP: 1/25 [kobold (5)]
   604 | D:1      | Slain by a kobold

Illustrated notes

Levels and vault maps discovered:
D:1:      dpeg_arrival_oval, layout_loops_ring,
          hellmonk_ecumenical_altar_dog_temple, grunt_decor_mini_mirrors

Skill      XL: |  1 |
---------------+----+-----
Bows           | 2 |  2.9
Fighting       | |  1.0
Dodging        | |  1.5
Spellcasting   | |  1.0
Hexes          | |  3.0

Action                   || total
-------------------------++-------
Melee: Dagger            ||     1
 Fire: Shortbow          ||    34
 Abil: Spit Poison       ||     5
Armor: Robe              ||     6
Dodge: Dodged            ||    15

Table legend: (Time is in decaauts)
 A = Elapsed time spent in this place.
 B = Non-inter-level travel time spent in this place.
 C = Inter-level travel time spent in this place.
 D = Time resting spent in this place.
 E = Time spent auto-exploring this place.
 F = Levels seen in this place.
 G = Mean time per level.
                   A        B        C        D        E       F      G
               +--------+--------+--------+--------+--------+-----+--------+
         Total |    712 |    712 |      0 |    139 |    480 |   1 |  712.0 |
       Dungeon |    712 |    712 |      0 |    139 |    480 |   1 |  712.0 |
               +--------+--------+--------+--------+--------+-----+--------+

Top non-repeatable levels by time:
     D:1: 712 daAuts
